 Dungeon Crawl Stone Soup version 0.21.1-1-g345015f (webtiles) character file.

7 robbits the Charmwright (level 2, -2/26 HPs)
             Began as a Gnoll Skald on June 3, 2018.
             Slain by a leopard gecko (3 damage)
             ... on level 2 of the Dungeon.
             The game lasted 00:01:23 (1188 turns).

robbits the Charmwright (Gnoll Skald)               Turns: 1188, Time: 00:01:25

Health: -2/26      AC:  4    Str: 13    XL:     2   Next: 4%
Magic:  7/7        EV: 14    Int: 15    God:
Gold:   97         SH:  0    Dex: 14    Spells: 9/10 levels left

rFire    . . .     SeeInvis .   h - -3 whip (curse)
rCold    . . .     Gourm    .   (no shield)
rNeg     . . .     Faith    .   b - +0 leather armour
rPois    .         Spirit   .   (no helmet)
rElec    .         Reflect  .   (no cloak)
rCorr    .         Harm     .   (no gloves)
MR       .....                  m - +0 pair of boots
Stlth    +.........             (no amulet)
HPRegen  0.08/turn              (no ring)
MPRegen  0.10/turn              (no ring)

@: lethally poisoned (-2 -> -9)
A: distributed training, fangs 1, strong nose
a: no special abilities


You were on level 2 of the Dungeon.
You were hungry.

You visited 1 branch of the dungeon, and saw 2 of its levels.

You collected 97 gold pieces.

Inventory:

Hand Weapons
 a - a +0 falchion
 h - a cursed -3 whip (weapon)
Armour
 b - a +0 leather armour (worn)
 m - a +0 pair of boots (worn)
Jewellery
 l - an uncursed amulet of faith {unknown}
Scrolls
 e - a scroll of remove curse {unknown}
 i - a scroll of identify
Potions
 f - a potion of might
 g - a potion of ambrosia {unknown}
 j - a potion of heal wounds {unknown}
 k - 3 potions of resistance {unknown}
 n - a potion of flight {unknown}
 p - a potion of lignification {unknown}
Books
 c - a book of Battle

   Spells                             Type                      Level
   a - Infusion                       Charms                       1
   b - Shroud of Golubria             Charms/Translocation         2
   c - Song of Slaying                Charms                       2
   d - Spectral Weapon                Hexes/Charms                 3
   e - Regeneration                   Charms/Necromancy            3
Comestibles
 d - 2 rations


   Skills:
 + Level 4.4 Fighting
 + Level 0.2 Short Blades
 + Level 4.4 Long Blades
 + Level 0.2 Axes
 + Level 0.2 Maces & Flails
 + Level 0.2 Polearms
 + Level 0.2 Staves
 + Level 0.2 Slings
 + Level 0.2 Bows
 + Level 0.2 Crossbows
 + Level 0.2 Throwing
 + Level 2.4 Armour
 + Level 4.4 Dodging
 + Level 0.2 Stealth
 + Level 0.2 Shields
 + Level 0.2 Unarmed Combat
 + Level 4.9 Spellcasting
 + Level 0.1 Conjurations
 + Level 0.1 Hexes
 + Level 5.3 Charms
 + Level 0.1 Summonings
 + Level 0.1 Necromancy
 + Level 0.1 Translocations
 + Level 0.1 Transmutations
 + Level 0.1 Fire Magic
 + Level 0.1 Ice Magic
 + Level 0.1 Air Magic
 + Level 0.1 Earth Magic
 + Level 0.1 Poison Magic
 + Level 0.3 Invocations
 + Level 0.2 Evocations


You had 9 spell levels left.
You knew the following spells:

 Your Spells              Type           Power        Failure   Level  Hunger
a - Infusion              Chrm           ###.         2%          1    None


Dungeon Overview and Level Annotations

Branches:
Dungeon (2/15)

Altars:
Xom


Innate Abilities, Weirdness & Mutations

Your experience applies equally to all skills.
You have very sharp teeth.
Your uncanny sense of smell can sniff out nearby items.


Message History

The adder closely misses you.
You barely miss the leopard gecko. Your bite misses the leopard gecko.
The leopard gecko bites you.
* * * LOW HITPOINT WARNING * * *
The kobold hits you with a dagger.
* * * LOW HITPOINT WARNING * * *
The adder bites you but does no damage.
You hit the leopard gecko.
The leopard gecko is lightly wounded.
The leopard gecko bites you.
* * * LOW HITPOINT WARNING * * *
The adder misses you. The kobold barely misses you.
Your leather armour prevents you from hitting the leopard gecko.
The leopard gecko is lightly wounded.
The leopard gecko bites you but does no damage.
The adder closely misses you. The kobold misses you. The adder bites you.
* * * LOW HITPOINT WARNING * * *
You are lethally poisoned!
The adder poisons you! The leopard gecko bites you.
You die...

.# ?# .# ##.
#.. #.#
##l###.#
#K@....#
#..S.....#
#.#(.....#
..
..........
##
......(...[
.........###
##.#...##.#
#.#...# .#


You could see an adder, a leopard gecko and a kobold.

Vanquished Creatures
  A leopard gecko (D:1)
  A giant cockroach (D:1)
  A kobold (D:1)
  2 bats (D:1)
  A rat (D:1)
6 creatures vanquished.

Notes
Turn   | Place    | Note
-------+----------+-------------------------------------------
     0 | D:1      | robbits the Gnoll Skald began the quest for the Orb.
     0 | D:1      | Reached XP level 1. HP: 20/20 MP: 6/6
   133 | D:1      | Found a shimmering altar of Xom.
   784 | D:1      | Reached XP level 2. HP: 4/26 MP: 7/7
  1188 | D:2      | HP: 1/26 [adder (2)]
  1188 | D:2      | Slain by a leopard gecko

Action                   || total
-------------------------++-------
Melee: Whip              ||    36
       Falchion          ||     6
       Bite              ||     2
  Use: Scroll            ||     3
Armor: Leather armour    ||     8
Dodge: Dodged            ||    44
       Rpst.: Falchion   ||     2
